 Dungeon Crawl Stone Soup version 0.29-a0-398-ge13fd1374b (webtiles) character file.

Game seed: 15306749722468105660

9 siradein the Chiller (level 2, 19/19 HPs)
             Began as a Demonspawn Ice Elementalist on May 12, 2022.
             Quit the game on level 1 of the Dungeon.
             The game lasted 00:01:35 (356 turns).

siradein the Chiller (Demonspawn Ice Elementalist)   Turns: 356, Time: 00:01:36

Health: 19/19      AC:  6    Str:  8    XL:     2   Next: 6%
Magic:  2/5        EV: 12    Int: 16    God:
Gold:   21         SH:  0    Dex: 13    Spells: 4/5 levels left

rFire   . . .      SeeInvis .   d - +0 hand axe
rCold   . . .      Faith    .   (no shield)
rNeg    . . .      Spirit   .   a - +0 robe
rPois   .          Reflect  .   e - +0 helmet
rElec   .          Harm     .   (no cloak)
rCorr   .          Rampage  .   c - +2 pair of gloves
Will    .....                   (no boots)
Stlth   ++........              (no amulet)
HPRegen 0.06/turn               (no ring)
MPRegen 0.09/turn               (no ring)

@: no status effects
A: claws 1
a: no special abilities


You were on level 1 of the Dungeon.
You visited 1 branch of the dungeon, and saw 1 of its levels.

You collected 21 gold pieces.

Inventory:

Hand Weapons
 d - a +0 hand axe (weapon)
Armour
 a - a +0 robe (worn)
 c - a +2 pair of gloves (worn)
 e - a +0 helmet (worn)
Scrolls
 f - a scroll of enchant armour {unknown}
Potions
 b - a potion of magic
 g - a potion of degeneration {unknown}


   Skills:
 - Level 1.7 Dodging
 - Level 1.7 Stealth
 + Level 2.3 Spellcasting
 + Level 3.8 Ice Magic


You had 4 spell levels left.
You knew the following spells:

 Your Spells              Type           Power      Damage    Failure   Level
a - Freeze                Ice            56%        1d7       4%          1

Your spell library contained the following spells:

 Spells                   Type           Power      Damage    Failure   Level
 Frozen Ramparts          Ice            28%        1d4       12%         3
 Ozocubu's Armour         Ice            14%        N/A       12%         3
 Hailstorm                Conj/Ice       8%         3d4       65%         4


Dungeon Overview and Level Annotations

Branches:
Dungeon (1/15)

Altars:


Innate Abilities, Weirdness & Mutations

You have sharp fingernails.


Message History

You punch the hobgoblin, but do no damage.
The hobgoblin is severely wounded.
The hobgoblin misses you.
The hobgoblin hits you but does no damage.
You closely miss the hobgoblin. You hit the hobgoblin.
You kill the hobgoblin!
The hobgoblin hits you.
You hit the hobgoblin.
The hobgoblin is almost dead.
The hobgoblin hits you but does no damage.
You closely miss the hobgoblin.
The hobgoblin is almost dead.
The hobgoblin barely misses you.
The hobgoblin hits you but does no damage.
You closely miss the hobgoblin.
The hobgoblin is almost dead.
The hobgoblin barely misses you.
You barely miss the hobgoblin.
The hobgoblin is almost dead.
The hobgoblin barely misses you.
You freeze the hobgoblin!
You kill the hobgoblin!
HP restored.
You see here a hobgoblin corpse.
A goblin and a bat come into view.
The bat moves out of view.
A goblin is nearby!
The bat hits you but does no damage.
You hit the bat but do no damage. You punch the bat, but do no damage.
The bat barely misses you. The bat closely misses you.
You freeze the bat.
You kill the bat!
You have reached level 2!
You feel monstrous as your demonic heritage exerts itself.
Your demonic ancestry asserts itself...
Your fingernails lengthen.
You freeze the goblin!
You kill the goblin!
You can't see any susceptible monsters within range! (Use Z to cast anyway.) Are you sure you want to abandon this character and quit the game? (Confirm with "yes".)

###########
#######.........#
..........†.....#
#######.######.>#
#.# #..#
...#.########†#
#..#
......)@...†..#
#..#
#....##########
#..# #.# #..#
#..# #..# #..#
###..# #...##
#.#.#


There were no monsters in sight!

Vanquished Creatures
  A bat (D:1)
  3 hobgoblins (D:1)
  2 quokkas (D:1)
  A goblin (D:1)
  A rat (D:1)
8 creatures vanquished.

Notes
Turn   | Place    | Note
-------+----------+-------------------------------------------
     0 | D:1      | siradein the Demonspawn Ice Elementalist began the quest
                  | for the Orb.
     0 | D:1      | Reached XP level 1. HP: 13/13 MP: 3/3
   355 | D:1      | Discovered your monstrous ancestry.
   355 | D:1      | Gained mutation: You have sharp fingernails. [demonic
                  | ancestry]
   355 | D:1      | Reached XP level 2. HP: 19/19 MP: 3/5
   356 | D:1      | Quit the game

Illustrated notes

Levels and vault maps discovered:
D:1:      dpeg_arrival_orchard, layout_loops_ring,
          hellmonk_ecumenical_altar_pennies_from_heaven, serial_bayou_pond_d

Action                   || total
-------------------------++-------
Melee: Hand axe          ||     8
       Punch             ||     2
 Cast: Freeze            ||    11
Armor: Robe              ||     5
Dodge: Dodged            ||    16

Table legend: (Time is in decaauts)
 A = Elapsed time spent in this place.
 B = Non-inter-level travel time spent in this place.
 C = Inter-level travel time spent in this place.
 D = Time resting spent in this place.
 E = Time spent auto-exploring this place.
 F = Levels seen in this place.
 G = Mean time per level.
                   A        B        C        D        E       F      G
               +--------+--------+--------+--------+--------+-----+--------+
         Total |    359 |    359 |      0 |      0 |    250 |   1 |  359.0 |
       Dungeon |    359 |    359 |      0 |      0 |    250 |   1 |  359.0 |
               +--------+--------+--------+--------+--------+-----+--------+

Top non-repeatable levels by time:
     D:1: 359 daAuts
